[Event "*** Titled Tuesday Blitz"]
[Site "Chess.com"]
[Date "2020.12.01"]
[Round "2"]
[White "KventinKarantino"]
[Black "davidkalashian"]
[Result "1/2-1/2"]
[WhiteElo "2303"]
[BlackElo "2538"]
[TimeControl "180+1"]
[EndTime "10:17:25 PST"]
[Termination "Game drawn by repetition"]

1. e4 c6 2. d4 g6 3. Nc3 Bg7 4.
f4 d5 5. e5 h5 6. h3 Nh6 7. Nf3 Bf5 8. Be3 Be4 9. Ng5 Bf5 10.
Qd2 Nd7 11. Be2 Nf8 12. O-O-O Ne6 13. Rdf1 b5 14. g4 hxg4 15. hxg4 Nxg4 16. Rxh8+ Bxh8 17. Bxg4 Bxg4 18. Qh2 Bh5 19. f5 Nxg5 20. Bxg5 b4 21. fxg6 fxg6 22. Qf4 bxc3 23. e6 Bf6 24. Bxf6 exf6 25.
Qh6 Qe7 26. Qh8+ Qf8 27. Qh7 Rd8 28. Re1 cxb2+ 29. Kb1 Qe7 30. Qg8+ Qf8 31. Qh7 Qe7 32. Qg8+ Qf8 33. Qh7 1/2-1/2

[Event "*** Titled Tuesday Blitz"]
[Site "Chess.com"]
[Date "2020.12.01"]
[Round "2"]
[White "JonahWillow"]
[Black "Elprofessor21"]
[Result "1-0"]
[WhiteElo "2665"]
[BlackElo "2414"]
[TimeControl "180+1"]
[EndTime "10:17:26 PST"]
[Termination "JonahWillow won by resignation"]

1. e4 c5 2. Nf3 g6 3. d4 cxd4 4. Nxd4 Bg7 5. c4 Nc6 6. Be3 Nf6 7. Nc3 O-O 8. Be2 d6 9. O-O Bd7 10. Nc2 Rc8 11. Rc1 Ne5 12. b3 b5 13. Nxb5 Bxb5 14. cxb5 Nxe4 15. Bxa7 Nc3 16. Qd2 Nxa2 17. Ra1 Nc3 18. b6 Ne4 19. Qe3 Nc5 20. b4 Ncd7 21. Na3 Nc6 22. Ba6 Bxa1 23. Rxa1 Nxb4 24. Bxc8 Qxc8 25. Qxe7 Qc3 26. Qe1 Qb3 27. Rb1 Qxa3 28. Qxb4 Qa6 29. Qxd6 Qa2 30. Rd1 Rd8 31. Qc7 Re8 32.
Qxd7 Qe2 33. h3 1-0

[Event "*** Titled Tuesday Blitz"]
[Site "Chess.com"]
[Date "2020.12.01"]
[Round "2"]
[White "DouglasTrawz"]
[Black "lacafi"]
[Result "1-0"]
[WhiteElo "2516"]
[BlackElo "2206"]
[TimeControl "180+1"]
[EndTime "10:17:26 PST"]
[Termination "DouglasTrawz won on time"]

1. e4 c6 2. d4 d5 3. exd5 cxd5 4. Bd3 Nf6 5. c3 Nc6 6. Bf4 g6 7. Nf3 Bg7 8. Nbd2 O-O 9. O-O a6 10. Re1 b5 11. Nb3 Bf5 12. Bxf5 gxf5 13. Ne5 Nxe5 14. dxe5 Ne4 15. f3 Qb6+ 16. Be3 Qg6 17. fxe4 dxe4 18. Bf4 Rad8 19. Nd4 Rd5 20. Re3 Kh8 21. Rg3 Qb6 22. Kh1 Bxe5 23. Bxe5+ Rxe5 24. Qh5 b4 25.
Rf1 bxc3 26. bxc3 e3 27. Qg5 Qf6 28. Qxf6+ exf6 29. Re1 f4 30. Rf3 Re4 31. g3 fxg3 32.
hxg3 Rb8 33. Rfxe3 Rxe3 34. Rxe3 Rb2 35. Nf5 h5 36. a4 Ra2 37. Re4 Kh7 38. Ne3 Kg6 39. Nd5 f5 40. Rc4 Kg5 41. Nc7 a5 42. Nd5 f6 43.
Rf4 Ra3 44. Kg2 Ra2+ 45. Kf3 Ra3 46. Ke3 Ra2 47. Kd3 Rg2 48. Rf3 Kg4 49. Rxf5 Rxg3+ 50. Ke4 Rg1 51. Nxf6+ Kh3 52. Rxh5+ 1-0

[Event "*** Titled Tuesday Blitz"]
[Site "Chess.com"]
[Date "2020.12.01"]
[Round "2"]
[White "Zmeeed63"]
[Black "HouseOfDurin"]
[Result "1-0"]
[WhiteElo "2387"]
[BlackElo "2114"]
[TimeControl "180+1"]
[EndTime "10:17:28 PST"]
[Termination "Zmeeed63 won on time"]

1. d4 Nf6 2. c4 c5 3. d5 b5 4. cxb5 a6 5. Nc3 axb5 6. e4 b4 7. Nb5 d6 8. Bf4 Nbd7 9. Nf3 Ng4 10. h3 Nge5 11. Nxe5 dxe5 12. Bg5 f6 13. Be3 Qb6 14. a4 g6 15. Bd3 Bg7 16. Qe2 O-O 17.
O-O Ra5 18. Bc4 Kh8 19. Rfd1 Rd8 20. d6 exd6 21. Rxd6 Qb8 22. Bxc5 Rxb5 23. Bxb5 Qc7 24. Bxb4 Bb7 25. Rad1 Bf8 26. Rxd7 Rxd7 27. Rxd7 Qc1+ 28. Be1 Qc8 29. Qd1 Kg8 30. Rd8 Qc7 31. Bb4 Bxe4 32.
Bxf8 1-0

[Event "*** Titled Tuesday Blitz"]
[Site "Chess.com"]
[Date "2020.12.01"]
[Round "2"]
[White "kkpanu9"]
[Black "Andro2"]
[Result "0-1"]
[WhiteElo "2114"]
[BlackElo "2389"]
[TimeControl "180+1"]
[EndTime "10:17:28 PST"]
[Termination "Andro2 won by checkmate"]

1. e4 c5 2. Nf3 d6 3. d4 cxd4 4. Nxd4 Nf6 5. Nc3 a6 6. h3 e6 7.
g4 Nfd7 8. Bg2 Be7 9. g5 Nc6 10. h4 Qc7 11. Be3 Nde5 12. Qe2 O-O 13. O-O-O b5 14.
f4 Nc4 15. Nxc6 Qxc6 16. f5 Nxe3 17. Qxe3 b4 18. Ne2 exf5 19. Nd4 Qc5 20. exf5 Ra7 21. Qg3 Rc7 22. f6 Bd8 23. Rd2 Re8 24. h5 Qe5 25. Qh4 h6 26. gxh6 Qxf6 27. Qxf6 Bxf6 28. hxg7 Bg5 29.
Rg1 Bxd2+ 30. Kxd2 Bb7 31. h6 Bxg2 32. Rxg2 Kh7 33.
Nf5 Rc5 34. Nxd6 Rd5+ 35. Kc1 Rxd6 36. Rf2 Re1# 0-1

[Event "*** Titled Tuesday Blitz"]
[Site "Chess.com"]
[Date "2020.12.01"]
[Round "2"]
[White "DrVelja"]
[Black "maxip32"]
[Result "1-0"]
[WhiteElo "2789"]
[BlackElo "2501"]
[TimeControl "180+1"]
[EndTime "10:17:29 PST"]
[Termination "DrVelja won by checkmate"]

1. e4 e5 2. Nf3 Nf6 3. d4 Nxe4 4. dxe5 d5 5. Nbd2 Nxd2 6. Qxd2 Be7 7. Bd3 Nc6 8. Qf4 Be6 9. Qg3 Kf8 10. h4 Nb4 11. Bg5 Nxd3+ 12. cxd3 h6 13. Bxe7+ Qxe7 14. O-O Qb4 15.
Rac1 c6 16. Rc2 Qg4 17. Qxg4 Bxg4 18. Nd4 Ke7 19. f3 Bd7 20. h5 Rac8 21. b4 Ra8 22. f4 Bg4 23. b5 Rhc8 24. bxc6 bxc6 25. Rfc1 Bxh5 26. Rxc6 Bg4 27. f5 Rxc6 28. Rxc6 Rb8 29. Rc7+ Kf8 30. e6 fxe6 31. Nxe6+ Ke8 32. Nxg7+ Kf8 33.
Ne6+ Ke8 34. Kh2 h5 35. Kg3 Rb2 36. Kf4 Rxg2 37. Ke5 Rf2 38. Kd6 Bxf5 39. Re7# 1-0

[Event "*** Titled Tuesday Blitz"]
[Site "Chess.com"]
[Date "2020.12.01"]
[Round "2"]
[White "theturtlemoves"]
[Black "Vandros57"]
[Result "1/2-1/2"]
[WhiteElo "2387"]
[BlackElo "2152"]
[TimeControl "180+1"]
[EndTime "10:17:29 PST"]
[Termination "Game drawn by repetition"]

1. e4 c5 2. Nf3 Nc6 3. Bb5 g6 4. O-O Bg7 5. Re1 e5 6. Bxc6 dxc6 7. a4 a5 8. Na3 Ne7 9. Nc4 Qc7 10. d3 O-O 11. Be3 b6 12. c3 Be6 13. Ng5 Bxc4 14. dxc4 Rad8 15. Qg4 h6 16. Nh3 f5 17. exf5 gxf5 18.
Qh5 f4 19. Bc1 Qd7 20. Qf3 Qf5 21. Kf1 Rd3 22. Qe4 Qxe4 23. Rxe4 Rd1+ 24. Re1 Rfd8 25. f3 Nf5 26. Nf2 Rxe1+ 27. Kxe1 Kf7 28. Ne4 Ke6 29.
Bd2 Nd6 30. b3 Nxe4 31. fxe4 Bf6 32. Ke2 Bh4 33. Rd1 Rg8 34. Kf3 Rd8 35. Ke2 Rg8 36. Rg1 h5 37. Bc1 Rg7 38. Kf3 Rd7 39.
Ke2 Rg7 40. Bd2 Rg8 41. Bc1 Rg7 1/2-1/2

[Event "*** Titled Tuesday Blitz"]
[Site "Chess.com"]
[Date "2020.12.01"]
[Round "2"]
[White "salomez"]
[Black "MaxLeto"]
[Result "1-0"]
[WhiteElo "2148"]
[BlackElo "2378"]
[TimeControl "180+1"]
[EndTime "10:17:29 PST"]
[Termination "salomez won by checkmate"]

1. e4 c5 2. Nf3 d6 3. d4 cxd4 4. Nxd4 Nf6 5. Nc3 a6 6. Bc4 e6 7.
a4 Be7 8. O-O O-O 9. Be3 Qc7 10.
Ba2 Nc6 11. f4 Nb4 12. Bb3 b6 13. Qf3 Bb7 14. Rad1 Rfe8 15. g4 Bf8 16. g5 Nd7 17. f5 Nc5 18. g6 Nxb3 19. gxf7+ Qxf7 20. cxb3 exf5 21. Nxf5 Qxb3 22. Nd5 Nxd5 23. exd5 g6 24. Nh6+ Bxh6 25. Qf7+ Kh8 26. Bxh6 Qxb2 27. Rf6 Rf8 28. Qg7# 1-0

[Event "*** Titled Tuesday Blitz"]
[Site "Chess.com"]
[Date "2020.12.01"]
[Round "2"]
[White "Twitch_ElhamBlitz05"]
[Black "BlixLT"]
[Result "0-1"]
[WhiteElo "2771"]
[BlackElo "2342"]
[TimeControl "180+1"]
[EndTime "10:17:30 PST"]
[Termination "BlixLT won by checkmate"]

1. e4 Nc6 2. d4 d5 3. exd5 Qxd5 4. Nf3 Bg4 5. Be2 Nf6 6. O-O O-O-O 7. Nc3 Qh5 8. h3 e6 9. Be3 Bd6 10. Nd2 Bxe2 11. Qxe2 Qxe2 12. Nxe2 e5 13. Nf3 Rhe8 14. Bg5 exd4 15. Nexd4 Nxd4 16. Nxd4 Be5 17. Nf3 Bxb2 18. Rab1 Ba3 19. Rb3 Bc5 20. Rfb1 b6 21. a4 a5 22.
Kf1 Rd6 23. Bf4 Rde6 24. Rd3 Re2 25. Nd4 Bxd4 26. Rxd4 Rxc2 27. Rbd1 h6 28. g4 Re4 29. Rd8+ Kb7 30. Bg3 Rxa4 31. Rf8 Ne4 32. Bh2 Rxf2+ 33. Kg1 Raa2 34. Be5 f6 35. Bd4 Rg2+ 36. Kf1 Ng3+ 37.
Ke1 Rge2# 0-1

[Event "*** Titled Tuesday Blitz"]
[Site "Chess.com"]
[Date "2020.12.01"]
[Round "2"]
[White "CheckThis4"]
[Black "Parhamov"]
[Result "0-1"]
[WhiteElo "2558"]
[BlackElo "2915"]
[TimeControl "180+1"]
[EndTime "10:17:31 PST"]
[Termination "Parhamov won on time"]

1. d4 Nf6 2. Bg5 d5 3. e3 c5 4. Bxf6 gxf6 5. dxc5 e6 6. c4 dxc4 7. Nd2 Bxc5 8. Bxc4 Nc6 9. Qh5 Bb4 10. Nf3 Ne5 11.
O-O-O Qc7 12. Nxe5 Qxe5 13. Qxe5 fxe5 14. Ne4 f5 15. Ng5 Ke7 16. Kb1 e4 17. f3 Rg8 18.
h4 h6 19. Nh3 Bd6 20. fxe4 fxe4 21. Rd2 Rg3 22. Rhd1 Be5 23. Nf4 Rb8 24. Bb3 b5 25. a3 a5 26. Bc2 b4 27. Bxe4 bxa3 28. Ng6+ Rxg6 29. Bxg6 Ba6 30. Rd7+ Kf6 31. Bd3 Rxb2+ 32.
Kc1 Bxd3 33. R1xd3 a2 34. Ra3 Rxg2 0-1

[Event "*** Titled Tuesday Blitz"]
[Site "Chess.com"]
[Date "2020.12.01"]
[Round "2"]
[White "Eloist"]
[Black "ShahMatKanal"]
[Result "1-0"]
[WhiteElo "2311"]
[BlackElo "2505"]
[TimeControl "180+1"]
[EndTime "10:17:32 PST"]
[Termination "Eloist won on time"]

1. e4 c5 2. Nf3 Nc6 3. Bb5 g6 4. Bxc6 dxc6 5. d3 Bg7 6. O-O e5 7. a4 a5 8. Na3 f6 9. Be3 b6 10. Nc4 Be6 11. Nfd2 Ne7 12. b4 axb4 13. a5 bxa5 14.
Bxc5 O-O 15. Bb6 Qd7 16. Bxa5 Rab8 17. Bb6 Rfc8 18. Qe2 Bh6 19. Ba7 Rb7 20. Nb6 Rxb6 21. Bxb6 c5 22. Ra7 Qd6 23. Rfa1 Nc6 24. Ra8 Nd4 25.
Rxc8+ Bxc8 26. Qd1 Qxb6 27. Nc4 Qb8 28. Ra5 Ne6 29. Qa1 Bb7 30. Rb5 Nd8 31. Qa5 Bf8 32.
Qb6 Qc8 33. Na5 Ba6 34. Qb8 1-0

[Event "*** Titled Tuesday Blitz"]
[Site "Chess.com"]
[Date "2020.12.01"]
[Round "2"]
[White "klimkoj"]
[Black "elamier"]
[Result "1-0"]
[WhiteElo "2637"]
[BlackElo "2308"]
[TimeControl "180+1"]
[EndTime "10:17:33 PST"]
[Termination "klimkoj won on time"]

1. d4 Nf6 2. c4 g6 3. Nc3 d5 4.
cxd5 Nxd5 5. e4 Nxc3 6. bxc3 Bg7 7. Bc4 c5 8. Be3 O-O 9. Ne2 Nc6 10. O-O Qc7 11. Rc1 Rd8 12. Qc2 Na5 13. Qa4 Nxc4 14. Qxc4 Bd7 15. Rfd1 Rac8 16. a3 Qa5 17. dxc5 Bb5 18.
Qa2 Bxe2 19. Qxe2 Rxd1+ 20. Qxd1 Qxa3 21. Rb1 Qa6 22. Qd7 Qc6 23. Rxb7 Qxd7 24. Rxd7 a5 25. c6 Bxc3 26. c7 Kg7 27. Bb6 Be5 28. Bxa5 Ra8 29. g3 Rc8 30. Rd8 Rxc7 31. Bxc7 Bxc7 32. Rd7 Bd6 33. f4 Bc5+ 34. Kg2 h5 35. Kf3 Kf6 36. Rb7 e6 37. h3 Ba3 38. e5+ Kg7 39. Ke4 Bc5 40.
Rb2 Ba7 41. Kd3 Bc5 42. h4 Ba7 43. Kc4 Bg1 44. Kb5 Be3 45. Rc2 Kf8 46. Kc6 Ke7 47.
Rb2 Bg1 48. Rb7+ Kf8 49. Kd7 Bf2 50. Rb3 Be1 51. Rf3 1-0

[Event "*** Titled Tuesday Blitz"]
[Site "Chess.com"]
[Date "2020.12.01"]
[Round "2"]
[White "Teidi96"]
[Black "Sokoloco"]
[Result "0-1"]
[WhiteElo "2272"]
[BlackElo "2462"]
[TimeControl "180+1"]
[EndTime "10:17:33 PST"]
[Termination "Sokoloco won on time"]

1. e4 g6 2. d4 Bg7 3. Nc3 d6 4. Be3 a6 5. a4 b6 6. Qd2 Bb7 7. f3 Nd7 8. h4 h5 9. Nh3 c5 10. Be2 cxd4 11. Bxd4 Ngf6 12. Ng5 Rc8 13. Nd5 O-O 14.
g4 hxg4 15. h5 Bxd5 16. exd5 gxf3 17. Bd3 Nxh5 18. Rxh5 Bxd4 19. Ne6 fxe6 20. Qh6 f2+ 21. Kf1 Rf7 22. Bxg6 Bg7 23. Qh7+ Kf8 24. dxe6 Rf6 25. Bf7 Rxf7 26. exf7 Kxf7 27. Rf5+ Nf6 28. Qh5+ Kf8 29. Qg6 Qc7 30. Kxf2 Qxc2+ 0-1

[Event "*** Titled Tuesday Blitz"]
[Site "Chess.com"]
[Date "2020.12.01"]
[Round "2"]
[White "RamyresCoelho"]
[Black "ChelsieMonica"]
[Result "0-1"]
[WhiteElo "2094"]
[BlackElo "2379"]
[TimeControl "180+1"]
[EndTime "10:17:33 PST"]
[Termination "ChelsieMonica won on time"]

1. e4 c5 2. Nf3 Nc6 3. d4 cxd4 4.
Nxd4 e5 5. Nb3 Nf6 6. Nc3 Be7 7.
Be3 O-O 8. f3 d6 9. Qd2 Be6 10.
O-O-O a5 11. Kb1 a4 12. Nc1 a3 13. b3 Qa5 14. g4 Nb4 15. g5 Nd7 16. Nd5 Bxd5 17.
exd5 Rfc8 18. c4 b5 19. h4 bxc4 20. Bxc4 Rab8 21. Ka1 Bd8 22. Nd3 e4 23. fxe4 Nxd3 24. Qxa5 Bxa5 25. Rxd3 Ne5 26. Bd2 Nxd3 27. Bxa5 Ne5 28.
Rc1 Rc5 29. Bd2 Nxc4 30. bxc4 Rbc8 31. Bb4 Rxc4 32. Rxc4 Rxc4 33. Bxa3 Rxe4 34. Bxd6 Rd4 35. Ba3 Rxd5 36. Bb2 Rd1+ 0-1

[Event "*** Titled Tuesday Blitz"]
[Site "Chess.com"]
[Date "2020.12.01"]
[Round "2"]
[White "Borsuk_Konstantin"]
[Black "Duhless"]
[Result "0-1"]
[WhiteElo "2577"]
[BlackElo "2994"]
[TimeControl "180+1"]
[EndTime "10:17:34 PST"]
[Termination "Duhless won by resignation"]

1. d4 Nf6 2. c4 c5 3. d5 e6 4. Nc3 exd5 5. cxd5 d6 6. Nf3 g6 7. g3 Bg7 8. Bg2 O-O 9. O-O Bf5 10. Nd2 Na6 11.
e4 Bg4 12. f3 Bd7 13. Nc4 Ne8 14.
a4 Nb4 15. Bf4 Qe7 16. Qd2 a6 17. Kh1 Rb8 18. Nb6 Qd8 19. a5 Bb5 20. Nxb5 axb5 21. Bh3 Nf6 22. e5 Nh5 23. Bg5 f6 24. exf6 Bxf6 25. Bh6 Re8 26. Be6+ Kh8 27. Nd7 Ra8 28. g4 Ng7 29. Rae1 Rxa5 30. Qf4 Bxb2 31. Qxd6 Nd3 32. Re3 Ra6 33. Qg3 c4 34. Bxg7+ Bxg7 35. f4 Rd6 36. f5 Rxd7 37. Bxd7 Qxd7 38. f6 Bf8 39. f7 Rxe3 40. Qxe3 Qxd5+ 41. Rf3 Ne5 0-1

[Event "*** Titled Tuesday Blitz"]
[Site "Chess.com"]
[Date "2020.12.01"]
[Round "2"]
[White "rasmussvane"]
[Black "Savagelittlemole"]
[Result "1-0"]
[WhiteElo "2874"]
[BlackElo "2544"]
[TimeControl "180+1"]
[EndTime "10:17:34 PST"]
[Termination "rasmussvane won by resignation"]

1. Nf3 Nf6 2. g3 g6 3. Bg2 Bg7 4. O-O O-O 5. d4 d6 6. Re1 Nbd7 7. e4 e5 8. Nc3 Re8 9. a4 exd4 10. Nxd4 Nc5 11.
Bf4 a5 12. Qd2 Bd7 13. b3 Nh5 14. Bg5 Bf6 15. Bxf6 Qxf6 16. Nd5 Qd8 17. Rad1 Bc6 18. Nc3 Qd7 19. Nxc6 bxc6 20. e5 Rad8 21. exd6 Rxe1+ 22. Rxe1 cxd6 23. Ne2 Qc7 24. Nd4 d5 25. Qc3 Ne6 26. Rxe6 fxe6 27. Nxe6 Qe7 28. Nxd8 Qxd8 29. Qxc6 d4 30.
Bd5+ Kg7 31. Qb7+ Kh6 32. Bc4 Nf6 33. Qf3 Kg7 34. Qf4 Qb6 35. Qe5 Kh6 36. h3 Nh5 37.
Bd3 Nf6 38. f4 Nh5 39. g4 Ng3 40. Kg2 Qb7+ 41. Kxg3 Qh1 42. g5+ Kh5 43. Be2+ 1-0

[Event "*** Titled Tuesday Blitz"]
[Site "Chess.com"]
[Date "2020.12.01"]
[Round "2"]
[White "GameOverBro"]
[Black "TigrVShlyape"]
[Result "0-1"]
[WhiteElo "2537"]
[BlackElo "2846"]
[TimeControl "180+1"]
[EndTime "10:17:34 PST"]
[Termination "TigrVShlyape won by resignation"]

1. e4 e5 2. Nf3 Nc6 3. Bb5 a6 4. Ba4 Nf6 5. d4 exd4 6. O-O Be7 7. e5 Ne4 8. Nxd4 Nxd4 9. Qxd4 Nc5 10. Bb3 Nxb3 11.
cxb3 O-O 12. Bf4 d5 13. exd6 Bxd6 14. Bxd6 Qxd6 15. Qxd6 cxd6 16. Nc3 Rd8 17. Rad1 Be6 18. Rd4 Rac8 19. Rfd1 Rc6 20. f4 g6 21. R1d2 Kf8 22.
Kf2 h5 23. h3 b5 24. b4 Ke7 25.
a3 Rc4 26. Kf3 Rxd4 27. Rxd4 Rc8 28. g4 hxg4+ 29. hxg4 Rh8 30. Kg3 Rh1 31. f5 gxf5 32. gxf5 Bxf5 33. Nd5+ Kd7 34. Nf6+ Ke6 35. Ne8 Ke5 36.
Rxd6 Rh8 37. Rd8 Be4 38. Rc8 Rg8+ 39. Kf2 f5 40. Kf1 Kd4 41. Nd6 Rg6 42. Nxe4 fxe4 43. Rc3 e3 44. Rc8 Kd3 45. Rc7 e2+ 0-1

[Event "*** Titled Tuesday Blitz"]
[Site "Chess.com"]
[Date "2020.12.01"]
[Round "2"]
[White "Matibar"]
[Black "amiralfio"]
[Result "1-0"]
[WhiteElo "2738"]
[BlackElo "2484"]
[TimeControl "180+1"]
[EndTime "10:17:34 PST"]
[Termination "Matibar won on time"]

1. e4 e5 2. a3 Nf6 3. Nc3 d5 4. exd5 Nxd5 5. Bc4 Nxc3 6. Qf3 Be6 7. Bxe6 fxe6 8. dxc3 Nc6 9. Be3 Qf6 10. O-O-O Rd8 11.
Rxd8+ Kxd8 12. Qh5 Be7 13. Nf3 Kc8 14. Nd2 Qf5 15. Qe2 e4 16. Rd1 Rd8 17. Nf1 Rxd1+ 18. Qxd1 Bd6 19. h3 h5 20. Nd2 Qd5 21. Qe2 Ne5 22.
c4 Qc6 23. Qxh5 b6 24. Qh8+ Kb7 25. Qxg7 Nxc4 26. Qc3 b5 27. Nxc4 bxc4 28. h4 Qd5 29.
Qd4 c5 30. Qxd5+ exd5 31. h5 d4 32. Bg5 Be5 33. g4 Kc6 34. Kd1 Kd5 35. Bd8 Ke6 36.
g5 1-0

[Event "*** Titled Tuesday Blitz"]
[Site "Chess.com"]
[Date "2020.12.01"]
[Round "2"]
[White "TC2304"]
[Black "Msb2"]
[Result "0-1"]
[WhiteElo "2327"]
[BlackElo "2836"]
[TimeControl "180+1"]
[EndTime "10:17:34 PST"]
[Termination "Msb2 won by resignation"]

1. d4 d5 2. c4 e6 3. Nc3 Nf6 4. cxd5 exd5 5. Bg5 c6 6. e3 Bf5 7.
Qf3 Bg6 8. Bxf6 Qxf6 9. Qxf6 gxf6 10. Nge2 a5 11. h4 h5 12. Nf4 a4 13. a3 Bd6 14. Bd3 Rg8 15. g3 Nd7 16. Nxg6 fxg6 17.
e4 dxe4 18. Nxe4 Be7 19. Bc4 Rf8 20. O-O-O Nb6 21. Be6 Kd8 22. Nc5 Kc7 23. Rhe1 Rad8 24. Re2 Bxc5 25. dxc5 Rxd1+ 26. Kxd1 Nd7 27. Bxd7 Kxd7 28.
Kc2 f5 29. f4 Ra8 30. Kc3 Ra5 31. Re5 Rb5 32. Kc2 Rb3 33. Re2 Rxg3 34. Rd2+ Kc7 35. Rd6 b6 36. Re6 bxc5 37. Re8 Kb7 38. Rg8 c4 39.
Rg7+ Kb6 40. Rg8 Kc5 41. Ra8 Kd4 42. Rxa4 Rg2+ 43. Kb1 Kd3 44. Ra6 c5 45. Rd6+ Ke4 46. Rc6 Kxf4 47. Rxc5 Ke3 48. Rxc4 f4 49. Rc3+ Ke4 50.
Rc4+ Ke5 51. Rc3 Rg3 52. Rc5+ Kd4 53. Rc8 f3 54. Rf8 Ke3 55. Kc2 f2 56. Re8+ Kf3 57.
Rf8+ Kg2 58. a4 Rf3 59. Rd8 f1=Q 60. Rd2+ Rf2 0-1

[Event "*** Titled Tuesday Blitz"]
[Site "Chess.com"]
[Date "2020.12.01"]
[Round "2"]
[White "norwaytoadog"]
[Black "skoularikii"]
[Result "0-1"]
[WhiteElo "2262"]
[BlackElo "2456"]
[TimeControl "180+1"]
[EndTime "10:17:34 PST"]
[Termination "skoularikii won on time"]

1. e4 e5 2. Nf3 Nc6 3. Bb5 a6 4. Ba4 b5 5. Bb3 Nf6 6. O-O Bc5 7. d3 d6 8. h3 h6 9. a3 O-O 10. Nc3 Ne7 11. d4 exd4 12. Nxd4 Bxd4 13. Qxd4 c5 14.
Qe3 c4 15. Ba2 Re8 16. Qg3 Ng6 17. f3 d5 18. Rd1 Qb6+ 19. Kh2 dxe4 20. fxe4 Nxe4 21.
Nd5 Qc6 22. Qc7 Qe6 23. Nb6 Ne5 24. Bf4 Nf3+ 25. gxf3 Qxh3+ 26. Kg1 Qxf3 27. Rf1 Qg4+ 28. Kh1 Be6 29. Nxa8 Qh3+ 30. Kg1 Bd5 31. Bh2 Qg4+ 32.
Bg3 Nxg3 0-1

[Event "*** Titled Tuesday Blitz"]
[Site "Chess.com"]
[Date "2020.12.01"]
[Round "2"]
[White "JuliaEfremova"]
[Black "anpospan"]
[Result "1-0"]
[WhiteElo "2213"]
[BlackElo "2405"]
[TimeControl "180+1"]
[EndTime "10:17:34 PST"]
[Termination "JuliaEfremova won by checkmate"]

1. d4 Nf6 2. Bf4 b6 3. Nf3 Bb7 4. e3 e6 5. Bd3 Be7 6. O-O Ne4 7. Nbd2 f5 8. Ne5 O-O 9. f3 Nxd2 10. Qxd2 d6 11. Nc4 g5 12. Bg3 Nd7 13. Rae1 Qe8 14. b3 a5 15. Nb2 Qh5 16. c4 Rf7 17. Bb1 Raf8 18. a3 Kh8 19. b4 axb4 20. axb4 e5 21.
dxe5 Nxe5 22. Bxe5+ dxe5 23. e4 fxe4 24. Bxe4 Bxe4 25.
Rxe4 Bd6 26. Nd3 Rg7 27. c5 bxc5 28. bxc5 g4 29. cxd6 gxf3 30. g3 cxd6 31. Nf2 Qf5 32. Qxd6 Re8 33. Rfe1 Rd7 34. Qc6 Ree7 35. Qc8+ Kg7 36.
Rg4+ Kh6 37. Qg8 Rg7 38. Rh4+ Kg6 39. Qe8+ Kf6 40. Ne4+ Qxe4 41. Rhxe4 Rde7 42. Qf8+ Kg6 43. Qxf3 Rgf7 44. Qg4+ Kf6 45. Rf1# 1-0

[Event "*** Titled Tuesday Blitz"]
[Site "Chess.com"]
[Date "2020.12.01"]
[Round "2"]
[White "Berardino"]
[Black "ozates"]
[Result "0-1"]
[WhiteElo "2631"]
[BlackElo "2405"]
[TimeControl "180+1"]
[EndTime "10:17:36 PST"]
[Termination "ozates won by resignation"]

1. e4 c5 2. Nf3 Nc6 3. d4 cxd4 4.
Nxd4 e5 5. Nb5 d6 6. N1c3 a6 7. Na3 b5 8. Nd5 Nge7 9. c4 Nd4 10. Bd3 Nxd5 11. cxd5 Be7 12. O-O Bg5 13. Nc2 Bxc1 14.
Rxc1 O-O 15. Nxd4 exd4 16. a4 Qf6 17. axb5 axb5 18. Bxb5 Rb8 19. Qd3 h5 20. b3 h4 21.
Bc4 h3 22. g3 Re8 23. Rfe1 Bg4 24. f4 Ra8 25. Ra1 Rxa1 26. Rxa1 Be2 27. Qxe2 d3 28.
e5 dxe2 29. exf6 e1=Q+ 30. Rxe1 Rxe1+ 31. Kf2 Rh1 32. fxg7 Rxh2+ 33. Kg1 Rg2+ 34. Kh1 Rxg3 35. Kh2 Rf3 36. Bb5 Rxb3 37. Bd7 Rf3 38. Bxh3 Rxf4 39. Kg3 Rd4 40. Bg2 Kxg7 41. Kf3 Kf6 42. Ke3 Ke5 43. Bf3 f5 44. Bg2 f4+ 45. Kf2 Rd2+ 46.
Kf1 Rxg2 47. Kxg2 Kxd5 0-1

[Event "*** Titled Tuesday Blitz"]
[Site "Chess.com"]
[Date "2020.12.01"]
[Round "2"]
[White "Chernov_Mikhail"]
[Black "Xtrmntr78"]
[Result "1-0"]
[WhiteElo "2310"]
[BlackElo "2518"]
[TimeControl "180+1"]
[EndTime "10:17:36 PST"]
[Termination "Chernov_Mikhail won on time"]

1. e4 e5 2. Nf3 d5 3. exd5 Bd6 4.
Nc3 f5 5. Bb5+ Bd7 6. O-O Nf6 7. d4 e4 8. Ne5 O-O 9. Bg5 Bxb5 10. Nxb5 a6 11. Nxd6 cxd6 12. Nc4 h6 13. Bxf6 Rxf6 14.
f4 Nd7 15. a4 Rc8 16. Ne3 b5 17. axb5 axb5 18. c3 Nb6 19. Qb3 Qd7 20. Rfe1 g5 21. Rf1 Nc4 22. Nxc4 bxc4 23. Qa4 Qb7 24. Qa6 Rb8 25. Qxc4 Qxb2 26. fxg5 hxg5 27. Ra7 Qb6 28. Re7 Kf8 29. Rxe4 fxe4 30. Rxf6+ Kg7 31. Qf1 e3 32. Rf7+ Kg8 33. h3 e2 34. Qf6 e1=Q+ 35. Kh2 1-0

[Event "*** Titled Tuesday Blitz"]
[Site "Chess.com"]
[Date "2020.12.01"]
[Round "2"]
[White "Fortitudine"]
[Black "BillCoe"]
[Result "1-0"]
[WhiteElo "2354"]
[BlackElo "2017"]
[TimeControl "180+1"]
[EndTime "10:17:36 PST"]
[Termination "Fortitudine won by resignation"]

1. c4 e6 2. Nf3 f5 3. b3 Nf6 4.
Bb2 Be7 5. g3 O-O 6. Bg2 c6 7.
O-O d5 8. d3 Nbd7 9. Nbd2 Qc7 10. e4 Nc5 11. e5 Ng4 12. Qe2 Nd7 13. Rac1 Qa5 14. cxd5 cxd5 15. a3 b5 16. b4 Qb6 17.
Bd4 Qd8 18. Nb3 Nb6 19. Bc5 Bxc5 20. Nxc5 a5 21. Nd4 Bd7 22. Ndxe6 Bxe6 23. Nxe6 Qe7 24. Nxf8 axb4 25. axb4 Kxf8 26. Rc5 Ra4 27. Rxb5 Rxb4 28. Rxb4 Qxb4 29. h3 Nh6 30. Qe3 Ke7 31. Rc1 Nd7 32.
Bxd5 Qb5 33. Bc4 Qxe5 34. Re1 Kf6 35. Qxe5+ Nxe5 36. Kg2 g5 37. Ra1 Nhf7 38. Ra6+ Ke7 39. f4 gxf4 40. gxf4 Ng6 41. Kg3 Nd6 42. Ra7+ Kd8 43.
Rxh7 1-0

[Event "*** Titled Tuesday Blitz"]
[Site "Chess.com"]
[Date "2020.12.01"]
[Round "2"]
[White "Kavyev_Ruslan"]
[Black "dretch"]
[Result "0-1"]
[WhiteElo "2517"]
[BlackElo "2822"]
[TimeControl "180+1"]
[EndTime "10:17:37 PST"]
[Termination "dretch won by resignation"]

1. d4 d5 2. c4 c6 3. Nf3 Nf6 4.
g3 dxc4 5. Bg2 Nbd7 6. Qc2 Nb6 7. Nbd2 g6 8. Nxc4 Bg7 9. Bf4 Bf5 10. Qc1 O-O 11.
O-O Nxc4 12. Qxc4 Be4 13. Be5 Qb6 14. b3 Rad8 15. Rfd1 Rd5 16. Rac1 Rfd8 17. e3 Bf8 18.
Bxf6 exf6 19. Ne1 Bxg2 20. Kxg2 c5 21. dxc5 Qc6 22. Rxd5 Rxd5 23. Qe4 f5 24. Qf3 a5 25. Rc4 Qd7 26. Rd4 Rxd4 27. exd4 Qxd4 28. Qxb7 Bxc5 29. Qf3 Qd2 30. Nd3 Bd4 31. a4 Qc2 32. Nf4 Kg7 33. h4 Qe4 34. Nh3 h6 35. Nf4 Kf6 36. Ne2 Bc5 37.
Nc3 Qxf3+ 38. Kxf3 Ke5 39. Nb5 g5 40. hxg5 hxg5 41.
Ke2 g4 42. Ke1 Ke4 43. Ke2 f4 44. Nc3+ Kf5 45. gxf4 Kxf4 46. Nd5+ Ke5 47. Nc3 f5 48. Nb5 f4 49. Nc3 f3+ 50. Ke1 Kd4 51. Nb5+ Kd3 52. Nc7 Kc2 53. Ne6 Bb4+ 54. Kf1 Kxb3 55. Nf8 Kxa4 56.
Ng6 Kb3 57. Ne5 a4 58. Nxg4 a3 59. Ne5 a2 60. Nxf3 a1=Q+ 61. Kg2 Qb2 0-1

[Event "*** Titled Tuesday Blitz"]
[Site "Chess.com"]
[Date "2020.12.01"]
[Round "2"]
[White "vladgoncharov"]
[Black "jacky72"]
[Result "0-1"]
[WhiteElo "2472"]
[BlackElo "2706"]
[TimeControl "180+1"]
[EndTime "10:17:37 PST"]
[Termination "jacky72 won on time"]

1. d4 Nf6 2. c4 g6 3. Nc3 Bg7 4. e4 O-O 5. Nf3 d6 6. Be2 Na6 7. O-O e5 8. Bg5 h6 9. Bxf6 Qxf6 10. d5 Nc5 11. b4 Nd7 12. a3 Qe7 13. Rc1 f5 14. Nd2 Nf6 15. c5 f4 16. cxd6 cxd6 17.
Nb5 g5 18. Nc7 Rb8 19. Ne6 Rf7 20. Rc7 Qe8 21. Qc2 g4 22. Rc1 Bd7 23. b5 Kh8 24. a4 h5 25. f3 Bh6 26. Kh1 Qg8 27. Nf1 Qg6 28. a5 Rg8 29. a6 bxa6 30. bxa6 h4 31. fxg4 Nxg4 32. Bxg4 Qxg4 33. h3 Qg6 34. Nh2 f3 35.
Rg1 f2 36. Ng4 fxg1=Q+ 37. Kxg1 Bxe6 38. dxe6 Rxc7 39. Qxc7 Qxe6 40. Qxa7 Rxg4 41. hxg4 Qxg4 42. Qb8+ Kh7 43. Qc7+ Kg8 44. Qd8+ Kf7 45. Qc7+ Ke8 46. Qb8+ Ke7 47. Qc7+ Qd7 48. Qb6 h3 49. a7 Qg4 50. Qc7+ Kf6 51. Qxd6+ Kf7 52. Qc7+ Kg6 53. Qd6+ Kh7 54. Qe7+ Bg7 0-1